Map: Frozen Temple

Players

Fropez - Winner!

  • Race: Protoss Protoss
  • League: Gold
  • Spawn Location: 11:00

Lengis

  • Race: Protoss Protoss
  • League: Silver
  • Spawn Location: 5:00

VOD

Have the link to the VOD?

Description

Time

  • Played on: Aug. 17, 2016, 3:26 p.m.
  • Length: 4:57
Show
View Real Time Build Order
Export as new Build Order

Fropez Protoss - Winner!

Build Orders:  

Get SALT Encoding   

  12  0:02  Probe (Chrono Boost)  
  13  0:15  Pylon  
  13  0:18  Probe (Chrono Boost)  
  14  0:37  Gateway  
  14  0:43  Gateway  
  14  0:48  Probe (Chrono Boost)  
  15  1:03  Probe (Chrono Boost)  
  16  1:11  Assimilator  
  16  1:13  Probe (Chrono Boost)  
  16  1:15  Pylon  
  17  1:24  Probe (Chrono Boost)  
  18  1:37  Cybernetics Core  
  18  1:38  Probe (Chrono Boost)  
  19  1:43  Pylon  
  19  1:48  Probe (Chrono Boost)  
  20  2:08  Probe (Chrono Boost)  
  21  2:13  Warp Gate  
  21  2:16  Assimilator  
  21  2:18  Probe (Chrono Boost)  
  21  2:20  Stalker  
  24  2:32  Stalker  
  24  2:33  Probe (Chrono Boost)  
  27  2:46  Pylon  
  27  2:50  Pylon  
  27  3:01  Probe (Chrono Boost)  
  28  3:11  Probe (Chrono Boost), Stalker x2  
  33  3:22  Probe (Chrono Boost)  
  33  3:25  Pylon  
  34  3:32  Probe (Chrono Boost)  
  35  3:43  Probe (Chrono Boost)  
  36  3:49  Stalker x2  
  40  4:02  Probe (Chrono Boost)  
  41  4:03  Twilight Council  
  41  4:16  Pylon  
  42  4:24  Forge  
  42  4:25  Gateway  
Show
View Real Time Build Order
Export as new Build Order

Lengis Protoss 

Build Orders:  

Get SALT Encoding   

Tags
 
Matchup
PvP
Replay Pack
All Mines
Spawn Locations
Cross Positions
Add a new tag
Caveats
  • Supply blocks, unpowered buildings, or Contaminate may cause inaccurate times.
  • Supply counts are checked every 10 seconds.